AoeStats
← Raffgin58

Arena

509699085Analyzed
4v4 RM · 3d ago on Sep 27, 2026· 49m 0s· 8 players
Game mode
Random Map
Map size
Large (8 player)
Population
200
Speed
Normal
Resources
Standard
Victory
Conquest
Starting age
Dark Age
Ending age
Imperial Age
RankedLock teamsTeams togetherTeam positionsShared explorationLock speedFull tech treeHidden civsTurbo modeCheats
Victory
Defeat
🇧🇷 Saracens · Brazil
1435
+17
🇩🇪 Cumans · Germany
1429
+17
🇩🇪 Italians · Germany
1414
+18
🇯🇵 Spanish · Japan
1387
+19
🇺🇸 Armenians · United States
1584
-23
🇷🇴 Cumans · Romania
1502
-20
🇬🇧 Varangians · United Kingdom
1378
-15
🇷🇴 Khmer · Romania
1348
-13
JinSoo
8:11 Feudal Age
9:06 Double-Bit Axe
10:49 Horse Collar
19:50 Castle Age
17:39 Loom
17:49 Gold Mining
19:16 Wheelbarrow
19:21 Bloodlines
19:18 Scale Barding Armor
20:59 Chain Barding Armor
21:23 Bow Saw
22:18 Capped Ram
27:31 Hand Cart
30:29 Imperial Age
28:19 Fletching
28:42 Forging
27:57 Pikeman
29:40 Fletching
30:53 Gold Shaft Mining
30:59 Iron Casting
31:47 Plate Barding Armor
30:34 Cavalier
33:18 Blast Furnace
34:12 Two-Man Saw
34:55 Light Cavalry
35:41 Paladin
36:17 Town Watch
36:40 Heavy Plow
37:25 Conscription
38:00 Bodkin Arrow
38:56 Guilds
39:28 Steppe Husbandry
39:10 Hussar
46:41 Crop Rotation
47:05 Coinage
Raffgin58
11:10 Feudal Age
30:11 Castle Age
32:30 Double-Bit Axe
37:47 Wheelbarrow
37:31 Bow Saw
37:03 Horse Collar
37:54 Squires
39:33 Pikeman
40:41 Elite Skirmisher
41:50 Fletching
42:31 Scale Mail Armor
43:03 Forging
43:45 Chain Mail Armor
45:23 Hand Cart
46:19 Iron Casting
51:21 Imperial Age
GuguBot
3:12 Loom
10:26 Feudal Age
14:01 Castle Age
13:25 Double-Bit Axe
18:54 Horse Collar
19:02 Loom
21:49 Fervor
27:19 Imperial Age
25:13 Scale Barding Armor
25:23 Stone Mining
25:50 Padded Archer Armor
26:44 Bimaristan
27:09 Chain Barding Armor
27:37 Fletching
28:31 Conscription
29:17 Plate Barding Armor
29:38 Wheelbarrow
29:53 Block Printing
34:18 Forging
34:02 Elite Mameluke
35:46 Illumination
37:27 Chemistry
39:44 Coinage
40:30 Bloodlines
40:21 Husbandry
40:05 Light Cavalry
41:33 Iron Casting
41:11 Bodkin Arrow
41:48 Bow Saw
43:15 Blast Furnace
41:45 Hussar
43:27 Heavy Plow
48:21 Bracer
FoldedAunt23528
10:35 Feudal Age
14:02 Castle Age
12:55 Stone Mining
12:53 Loom
13:02 Double-Bit Axe
14:07 Horse Collar
15:34 Bow Saw
19:43 Heavy Plow
22:22 Fletching
22:38 Scale Barding Armor
23:50 Bodkin Arrow
24:01 Town Watch
24:51 Wheelbarrow
36:08 Chain Barding Armor
39:06 Hand Cart
42:12 Imperial Age
40:30 Gold Mining
42:25 Herbal Medicine
43:52 Plate Barding Armor
43:28 Forging
43:29 Light Cavalry
44:20 Bloodlines
44:10 Husbandry
43:58 Elite Conquistador
44:43 Hussar
47:46 Two-Man Saw
47:58 Iron Casting
46:55 Cavalier
48:22 Paladin
2rich4u81
5:20 Loom
9:48 Feudal Age
11:57 Man-at-Arms
12:53 Long Swordsman
20:59 Castle Age
20:51 Double-Bit Axe
20:48 Horse Collar
22:00 Bow Saw
22:22 Scale Mail Armor
22:32 Forging
22:29 Scale Mail Armor
22:39 Forging
22:09 Pikeman
23:25 Squires
25:25 Chain Mail Armor
28:47 Wheelbarrow
33:23 Hand Cart
36:20 Imperial Age
34:03 Halberdier
36:40 Iron Casting
38:49 Blast Furnace
38:39 Arson
39:56 Plate Mail Armor
42:05 Gambesons
42:15 Fletching
43:46 Two-Handed Swordsman
45:56 Conscription
46:25 Fereters
46:37 Champion
Hartung
12:05 Feudal Age
15:51 Castle Age
14:20 Forging
14:41 Double-Bit Axe
15:12 Scale Barding Armor
23:37 Chain Barding Armor
42:41 Imperial Age
46:25 Husbandry
45:52 Light Cavalry
46:46 Bloodlines
47:27 Hussar
Mihail
8:39 Feudal Age
9:28 Double-Bit Axe
12:26 Horse Collar
23:58 Castle Age
22:55 Wheelbarrow
22:19 Gold Mining
22:45 Scale Barding Armor
23:15 Forging
23:58 Bloodlines
26:01 Gold Shaft Mining
25:58 Bow Saw
25:51 Heavy Plow
28:27 Chain Barding Armor
27:53 Capped Ram
29:19 Hand Cart
30:22 Loom
30:23 Town Watch
35:45 Imperial Age
35:43 Iron Casting
37:08 Plate Barding Armor
35:54 Cavalier
37:45 Chemistry
39:04 Blast Furnace
37:36 Paladin
39:33 Fletching
41:48 Bodkin Arrow
42:43 Crop Rotation
44:54 Conscription
45:19 Siege Ram
46:28 Stone Mining
Tudorica
7:06 Loom
10:52 Feudal Age
15:17 Castle Age
13:33 Double-Bit Axe
13:51 Horse Collar
29:49 Scale Barding Armor
31:23 Husbandry
31:34 Bloodlines
34:40 Imperial Age
32:47 Wheelbarrow
31:57 Town Watch
32:37 Gold Mining
33:36 Chain Barding Armor
33:26 Forging
33:56 Bow Saw
34:52 Heavy Plow
34:55 Fletching
35:05 Padded Archer Armor
35:58 Conscription
35:08 Light Cavalry
36:24 Hand Cart
36:09 Town Patrol
35:53 Elite Skirmisher
37:26 Bodkin Arrow
37:46 Leather Archer Armor
39:02 Chemistry
38:23 Ballistics
39:04 Bracer
39:35 Ring Archer Armor
41:26 Siege Engineers
41:00 Hussar
42:17 Iron Casting
42:17 Plate Barding Armor
45:36 Blast Furnace
47:20 Hoardings
47:32 Plate Barding Armor
Connection lost

Rejoining the realm…

Still unreachable

The connection could not be restored.

Session expired

The server has moved on; the page needs a fresh start.